 Dungeon Crawl Stone Soup version 0.25-a0-366-g516bc45ae0 (webtiles) character file.

Game seed: 11747661461191140194, levelgen mode: deterministic

26259 Gargoyl the Schismatic (level 12, -8/101 HPs)
             Began as a Centaur Abyssal Knight on Jan 6, 2020.
             Was an Elder of Lugonu.
             Mangled by a komodo dragon (75 damage)
             ... on level 5 of the Lair of Beasts.
             The game lasted 00:26:50 (23194 turns).

Gargoyl the Schismatic (Centaur Abyssal Knight)    Turns: 23194, Time: 00:26:51

Health: -8/101     AC: 20    Str: 17    XL:     12   Next: 96%
Magic:  19/19      EV:  8    Int: 11    God:    Lugonu [****..]
Gold:   1049       SH:  0    Dex: 12    Spells: 11/11 levels left

rFire    + . .     SeeInvis .   r - +4 flail "Sesuemapn" {speed, rElec MR+}
rCold    . . .     Gourm    .   B - +0 buckler
rNeg     . . .     Faith    .   v - +0 chain mail
rPois    .         Spirit   .   j - +2 helmet
rElec    +         Reflect  +   K - +2 cloak
rCorr    .         Harm     .   w - +2 pair of gloves
MR       ++...                  (no barding)
Stlth    ..........             u - +2 amulet of reflection
HPRegen  0.26/turn              m - ring of protection from fire
MPRegen  0.16/turn              D - ring of protection from magic

@: sleeping, very quick
A: large, hooves 3, deformed body, speed 2, tough skin 3
a: Depart the Abyss, Bend Space, Banish, Corrupt, Renounce Religion


You were on level 5 of the Lair of Beasts.
You worshipped Lugonu.
Lugonu was greatly pleased with you.
You were not hungry.

You visited 2 branches of the dungeon, and saw 16 of its levels.
You visited the Abyss 1 time.
You also visited: Ossuary.

You collected 1049 gold pieces.

Inventory:

Hand Weapons
 d - a +1 hand axe of flaming
 r - the +4 flail "Sesuemapn" (weapon) {speed, rElec MR+}
   (You found it on level 7 of the Dungeon)

   Attacks with this weapon are significantly faster.
   It insulates you from electricity.
   It affects your resistance to hostile enchantments.
 y - a +0 war axe
Missiles
 A - 4 boomerangs (quivered)
Armour
 j - a +2 helmet (worn)
 v - a +0 chain mail (worn)
 w - a +2 pair of gloves (worn)
 B - a +0 buckler (worn)
 K - a +2 cloak (worn)
Jewellery
 i - an uncursed amulet of guardian spirit {unknown}
 m - a ring of protection from fire (left hand)
 u - a +2 amulet of reflection (around neck)
 D - a ring of protection from magic (right hand)
 G - an uncursed ring of flight
Wands
 b - a wand of acid (7)
 x - a wand of paralysis (7)
 J - a wand of flame (25)
Scrolls
 a - 2 scrolls of summoning
 f - 14 scrolls of remove curse
 k - a scroll of blinking
 l - 2 scrolls of magic mapping
 p - a scroll of fog
 E - a scroll of identify
 I - 2 scrolls of teleportation
Potions
 e - a potion of haste {unknown}
 g - 2 potions of brilliance
 h - a potion of invisibility
 n - a potion of cancellation
 o - 5 potions of magic
 q - 2 potions of ambrosia
 s - 5 potions of flight
 t - 5 potions of agility
 z - 2 potions of lignification
 C - a potion of curing
 H - a potion of berserk rage
Comestibles
 c - 15 rations


   Skills:
 + Level 8.1 Fighting
 + Level 5.9(8.2) Axes
 + Level 9.0(9.7) Maces & Flails
 + Level 1.4 Throwing
 * Level 9.1 Armour
 * Level 6.7 Dodging
 + Level 2.7 Shields
 * Level 9.9 Invocations
 + Level 0.1 Evocations


You had 11 spell levels left.
You didn't know any spells.
Your spell library contained the following spells:

 Spells                   Type           Power        Failure   Level  Hunger
 Animate Skeleton         Necr           N/A          98%         1    ##.....
 Freeze                   Ice            #...         98%         1    ##.....
 Infusion                 Chrm           #...         98%         1    ##.....
 Pain                     Necr           #...         98%         1    ##.....
 Shroud of Golubria       Chrm/Tloc      #.....       99%         2    ###....
 Song of Slaying          Chrm           #.......     99%         2    ###....
 Ozocubu's Armour         Chrm/Ice       #.......     100%        3    ####...
 Spectral Weapon          Hex/Chrm       #.......     100%        3    ####...
 Vampiric Draining        Necr           #.........   100%        3    ####...
 Animate Dead             Necr           N/A          100%        4    #####..
 Hailstorm                Conj/Ice       #.......     100%        4    #####..
 Summon Ice Beast         Ice/Summ       #.......     100%        4    #####..
 Agony                    Necr           #.......     100%        5    ######.


Dungeon Overview and Level Annotations

Branches:
Dungeon (10/15)            Temple (0/1) D:7            Lair (6/6) D:10
 Shoals (0/4) Lair:3        Snake (0/4) Lair:3      Ossuary (visited)
  Slime: Lair:5-6       Orc: D:9-12

Altars:
Ashenzari
Cheibriados
Elyvilon
Hepliaklqana
Kikubaaqudgha
Qazlal
Sif Muna
Wu Jian
Xom
Yredelemnul
The Shining One

Annotations:
D:3 Sigmund


Innate Abilities, Weirdness & Mutations

You have hooves in place of feet.
Armour fits poorly on your strangely shaped body.
You cover ground very quickly.
You have extremely tough skin. (AC +3)


Message History

The dream sheep bites you!
You wake up.
You hit the dream sheep. You kick the dream sheep!
You kill the dream sheep!
Lugonu accepts your kill.
The komodo dragon bites you but does no damage.
The komodo dragon bites you but does no damage.
The dream sheep ruffles its wool and motes of dream dust sparkle, to no effect.
You hit the komodo dragon but do no damage.
Your kick misses the komodo dragon. The komodo dragon bites you.
You hit the komodo dragon.
The komodo dragon is lightly wounded.
You hit the komodo dragon but do no damage.
You kick the komodo dragon.
The komodo dragon is lightly wounded.
The komodo dragon bites you!!
The dream sheep shakes its wool and sparkles.
You feel drowsy...
You fall asleep.
The komodo dragon bites you!!!!
Ouch! That really hurt!
You die...

........#
........###
..........## ###
P........#.####.#
...........#P##.#
......#.P.......#
.##......#......#
#.##.....##.....##
...#......P....#@#
..P.#..........#l#
.......#........Y#
.#######.....#.###
.#..##.###......#
....#.....#......#
......##........l#
.................P
...................


You could see a komodo dragon and a dream sheep.

Vanquished Creatures
  The ghost of Caramio the Cleaver, a journeyman DDFi of Gozag (Lair:2)
  3 hydras
  3 death yaks
  A fire crab (Lair:5)
  An oklob plant (D:9)
  3 black mambas
  2 merfolk sirens (Lair:3)
  2 rime drakes
  4 komodo dragons
  2 merfolk (Lair:3)
  2 trolls
  11 blink frogs
  9 hippogriffs
  A dream sheep (Lair:5)
  Eustachio (D:6)
  3 basilisks
  A wyvern (Lair:4)
  19 yaks
  2 hungry ghosts
  Edmund (D:5)
  3 nagas (Lair:3)
  11 water moccasins
  Duvessa (D:6)
  6 porcupines
  2 ice beasts
  A black bear (Lair:5)
  A hornet zombie (D:8)
  2 ogres
  A phantom (D:10)
  A necrophage (D:7)
  5 sky beasts
  11 wolves
  5 centaurs
  5 crocodiles
  7 bullfrogs
  7 scorpions
  Dowan (D:6)
  8 wights
  A howler monkey (D:4)
  2 vampire bats (D:8)
  3 crimson imps
  A bullfrog zombie (D:7)
  2 hounds (D:4)
  5 orc priests (D:8)
  A jelly (D:7)
  Crazy Yiuf (D:3)
  A centaur skeleton (D:9)
  5 orc wizards
  An iguana (D:5)
  Natasha (D:2)
  Ijyb (D:3)
  8 worker ants
  A hound skeleton (D:5)
  8 mummies (Ossuary)
  11 adders
  2 shadow imps
  A worm (D:9)
  2 dart slugs (D:1)
  18 orcs
  9 bats
  3 bat skeletons (D:8)
  2 bat zombies (D:8)
  10 giant cockroaches
  3 gnoll zombies (Ossuary)
  7 goblins
  5 hobgoblins
  4 jackals (D:4)
  4 quokkas
  2 frilled lizards (D:2)
  A goblin zombie (D:4)
  A jackal skeleton (D:7)
  5 kobolds
  2 kobold zombies (Ossuary)
  3 orc zombies (Ossuary)
  A quokka skeleton (D:6)
  A quokka zombie (D:5)
  8 rats
  A rat zombie (D:4)
  A plant (D:10)
299 creatures vanquished.

Vanquished Creatures (others)
  A death yak (Lair:5)
  2 komodo dragons
  A hornet (D:9)
  2 blink frogs (Lair:3)
  A wyvern (Lair:4)
  A soldier ant (D:9)
  A centaur (Lair:3)
  A crimson imp (D:5)
  5 fungi
  6 plants
  2 starspawn tentacles (Abyss:1)
23 creatures vanquished.

Grand Total: 322 creatures vanquished

Notes
Turn   | Place    | Note
-------+----------+-------------------------------------------
     0 | Abyss:1  | Gargoyl the Centaur Abyssal Knight began the quest for the
                  | Orb.
     0 | Abyss:1  | Reached XP level 1. HP: 19/19 MP: 2/2
    35 | Abyss:1  | Found a corrupted altar of Lugonu.
   106 | Abyss:1  | Noticed a tentacled starspawn
   129 | Abyss:1  | Noticed a tentacled starspawn
   144 | Abyss:1  | Noticed a small abomination
   150 | Abyss:1  | Noticed a spatial vortex
   150 | Abyss:1  | Noticed a spatial vortex
   155 | Abyss:1  | Found a shattered altar of Ashenzari.
   166 | Abyss:1  | Noticed a freezing wraith
   188 | Abyss:1  | Noticed a large abomination
   188 | Abyss:1  | Noticed an orange demon
   202 | Abyss:1  | Noticed a wraith
   209 | Abyss:1  | Noticed an orange demon
   239 | Abyss:1  | Noticed a crimson imp
   264 | Abyss:1  | Noticed a bone dragon
   266 | D:1      | Escaped the Abyss
   591 | D:1      | Reached XP level 2. HP: 25/26 MP: 3/3
   882 | D:1      | Reached * piety under Lugonu
  1300 | D:2      | Reached skill level 1 in Dodging
  1300 | D:2      | Reached XP level 3. HP: 13/31 MP: 4/4
  2097 | D:2      | Noticed Natasha
  2104 | D:2      | Killed Natasha
  2467 | D:2      | Reached XP level 4. HP: 39/39 MP: 5/5
  2574 | D:3      | Found a shimmering altar of Xom.
  3025 | D:3      | Noticed Ijyb
  3027 | D:3      | Noticed Sigmund
  3033 | D:3      | You fall into a shaft and drop 1 floor!
  3422 | D:4      | Reached XP level 5. HP: 43/46 MP: 7/7
  3472 | D:4      | Found a sand-covered staircase.
  3480 | Ossuary  | Entered an ossuary
  3564 | Ossuary  | Reached ** piety under Lugonu
  3603 | Ossuary  | Reached XP level 6. HP: 44/52 MP: 8/8
  4099 | D:4      | Found a hazy altar of Hepliaklqana.
  4307 | D:4      | Found a shattered altar of Ashenzari.
  4584 | D:4      | Reached XP level 7. HP: 59/59 MP: 9/9
  4745 | D:3      | Killed Ijyb
  5273 | D:3      | Found a runed translucent door.
  5274 | D:3      | Noticed Crazy Yiuf
  5296 | D:3      | Killed Crazy Yiuf
  5296 | D:3      | Reached *** piety under Lugonu
  5617 | D:5      | Entered Level 5 of the Dungeon
  5792 | D:5      | Noticed Edmund
  5831 | D:5      | Killed Edmund
  6516 | D:5      | Reached XP level 8. HP: 54/67 MP: 11/11
  6778 | D:5      | Found a white marble altar of Elyvilon.
  6833 | D:5      | Found a basalt altar of Yredelemnul.
  7032 | D:5      | Found a stormy altar of Qazlal.
  7032 | D:5      | Found an ornate altar of the Wu Jian Council.
  7037 | D:5      | Found a faded altar of an unknown god.
  7039 | D:5      | Found a snail-covered altar of Cheibriados.
  7040 | D:5      | Found a faded altar of an unknown god.
  7109 | D:6      | Reached skill level 5 in Axes
  7112 | D:6      | You fall into a shaft and drop 2 floors!
  7201 | D:6      | Noticed a troll
  7208 | D:6      | Killed a troll
  7452 | D:6      | Noticed Dowan
  7465 | D:6      | Killed Dowan
  7484 | D:6      | Noticed Duvessa
  7494 | D:6      | Killed Duvessa
  7494 | D:6      | Reached skill level 5 in Fighting
  7624 | D:6      | Noticed Eustachio
  7710 | D:6      | Killed Eustachio
  7710 | D:6      | Reached skill level 5 in Armour
  8300 | D:7      | Got a crystal flail
  8301 | D:7      | Identified the +4 flail "Sesuemapn" {speed, rElec MR+} (You
                  | found it on level 7 of the Dungeon)
  8345 | D:7      | Reached skill level 5 in Invocations
  8409 | D:7      | Reached XP level 9. HP: 71/74 MP: 12/12
  8474 | D:7      | Found a shimmering blue altar of Sif Muna.
  8514 | D:7      | Reached skill level 1 in Maces & Flails
  8806 | D:7      | Found a glowing golden altar of the Shining One.
  8863 | D:7      | Found a staircase to the Ecumenical Temple.
  9487 | D:8      | Reached **** piety under Lugonu
  9600 | D:8      | Reached skill level 1 in Shields
  9924 | D:8      | Found an ancient bone altar of Kikubaaqudgha.
 10367 | D:9      | Noticed a manticore
 10376 | D:9      | Banished a manticore
 10904 | D:9      | Found a glowing golden altar of the Shining One.
 10904 | D:9      | Noticed an oklob plant
 10915 | D:9      | Reached XP level 10. HP: 79/83 MP: 14/14
 10946 | D:9      | Killed an oklob plant
 11291 | D:9      | Paralysed by a hornet for 3 turns
 11294 | D:9      | Reached skill level 5 in Maces & Flails
 11738 | D:10     | Entered Level 10 of the Dungeon
 12558 | D:10     | Found a staircase to the Lair.
 12753 | Lair:1   | Entered Level 1 of the Lair of Beasts
 12984 | Lair:1   | Noticed a black mamba
 13000 | Lair:1   | Killed a black mamba
 13795 | D:10     | Reached XP level 11. HP: 39/91 MP: 16/16
 14376 | Lair:2   | Reached skill level 5 in Dodging
 15747 | Lair:2   | Reached skill level 1 in Throwing
 16520 | Lair:3   | Noticed a five-headed hydra
 16950 | Lair:2   | Killed a one-headed hydra
 17637 | Lair:3   | Found a staircase to the Shoals.
 17954 | Lair:3   | Found a runed translucent gate.
 17957 | Lair:3   | Found a runed translucent gate.
 17957 | Lair:3   | Noticed Caramio's ghost (journeyman DDFi)
 17957 | Lair:3   | Noticed a nine-headed hydra
 17958 | Lair:3   | Found a runed translucent gate.
 18303 | Lair:3   | Found a staircase to the Snake Pit.
 18530 | Lair:3   | Reached ***** piety under Lugonu
 18530 | Lair:3   | Reached XP level 12. HP: 92/100 MP: 18/18
 19228 | Lair:3   | Found a white marble altar of Elyvilon.
 19503 | Lair:2   | Killed Caramio's ghost
 19668 | Lair:3   | Killed a one-headed hydra
 19942 | Lair:3   | Got a slimy lajatang
 19943 | Lair:3   | Identified the +10 lajatang "Ikeuc" {elec, +Blink} (You
                  | found it on level 3 of the Lair of Beasts)
 20047 | Lair:4   | Found a frozen archway.
 21750 | Lair:5   | Noticed a death yak
 21778 | Lair:5   | Banished a death yak
 22199 | Lair:5   | Noticed a death yak
 22215 | Lair:6   | Entered Level 6 of the Lair of Beasts
 22422 | Lair:6   | Killed a death yak
 22630 | Lair:5   | Noticed an eight-headed hydra
 22638 | Lair:5   | Killed an eight-headed hydra
 22893 | Lair:5   | Noticed a death yak
 22893 | Lair:5   | Noticed a death yak
 22912 | Lair:5   | Killed a death yak
 22919 | Lair:5   | Killed a death yak
 23194 | Lair:5   | Mangled by a komodo dragon

Levels and vault maps discovered:
D:1:      saegor_arrival_simple_b, layout_rooms
D:2:      layout_loops_corners, eino_curves_01, uniq_natasha
D:3:      layout_basic, old_standard_altar, uniq_sigmund,
          uniq_crazy_yiuf_cottage, uniq_ijyb
D:4:      kennysheep_big_flooded_room, layout_loops_cross, marbit_many_paths,
          ashenzari_conservatory_becter, enter_ossuary_4, corner_web_ring
D:5:      layout_loops_cross, kennysheep_ying_yang,
          chequers_temple_overflow_minitemple, first_ration, uniq_edmund
D:6:      layout_loops_ring, uniq_eustachio, uniq_duvessa
D:7:      layout_rooms, grunt_temple_overflow_open, minmay_temple_entry_trees
D:8:      layout_basic, kennysheep_vampire_church
D:9:      layout_cave_pods, hangedman_pestilent_swarm, lemuel_oklob_altar
D:10:     lemuel_upstairs_altar, layout_irregular_city, dpeg_oklobed_lair
Lair:1:   layout_hall_layers
Lair:2:   layout_cave_pods, grunt_megastairs_5
Lair:3:   layout_misc_corridors, elwin_shoals_entry_stream,
          guppyfry_snake_entry_island, gammafunk_ghost_hydra_chop,
          lemuel_centaur_altar
Lair:4:   layout_big_grid, serial_rivers, chequers_serial_rivers_micro_a,
          chequers_serial_rivers_micro_e, chequers_serial_rivers_micro_d,
          chequers_serial_rivers_room_a, chequers_serial_rivers_small_3,
          chequers_serial_rivers_large_b, portal_ice_cave_entry_pillars_2
Lair:5:   beast_lair_carwin_large_3, layout_misc_corridors,
          chequers_serial_rivers_micro_b, minivault_26
Lair:6:   hangedman_lair_in_review, layout_gridlike, slime_altar_1,
          minmay_lair_oklob_chamber

Skill      XL: |  1  2  3  4  5  6  7  8  9 10 11 12 |
---------------+-------------------------------------+-----
Axes           | 2 3 4 5 |  5.9
Dodging        | 1 2 3 4 5 6 |  6.7
Armour         | 2 3 4 5 6 8 9 |  9.1
Invocations    | 3 4 5 6 7 8 9 |  9.9
Fighting       | 4 5 6 7 8 |  8.1
Maces & Flails | 4 6 7 9 |  9.0
Shields        | 1 2 |  2.7
Throwing       | 1 |  1.4
Evocations     | |  0.1

Action                   |  1- 3 |  4- 6 |  7- 9 | 10-12 || total
-------------------------+-------+-------+-------+-------++-------
Melee: Hand axe          |    74 |   133 |   350 |    28 ||   585
       Kick              |     9 |    24 |   107 |   267 ||   407
       Flail             |       |       |   229 |   859 ||  1088
Throw: Boomerang         |       |       |     4 |    22 ||    26
Invok: Depart the Abyss  |     1 |       |       |       ||     1
       Banish            |       |       |     3 |    10 ||    13
Evoke: Wand              |       |       |       |     3 ||     3
  Use: Scroll            |     8 |    11 |     9 |     9 ||    37
       Potion            |       |     1 |    12 |     2 ||    15
  Eat: Chunk             |     3 |     6 |    16 |    24 ||    49
       Ration            |       |       |     1 |     5 ||     6
Armor: Leather armour    |    17 |       |       |       ||    17
       Ring mail         |     7 |    76 |       |       ||    83
       Chain mail        |       |     4 |   378 |   404 ||   786
Dodge: Dodged            |    23 |    56 |   124 |   161 ||   364
Block: Other             |       |       |    15 |       ||    15
       Buckler           |       |       |   103 |   195 ||   298
       Reflection        |       |       |     1 |     5 ||     6

Table legend:
 A = Non-vault XP
 B = Vault XP
 C = Vault XP percentage of total XP
 D = Non-vault monster count
 E = Vault monster count
 F = Vault count percentage of total count
                 A         B        C        D         E       F
            +---------+---------+-------+---------+---------+-------
      Total |   25614 |   11899 |  31.7 |     242 |      67 |  21.7
            +---------+---------+-------+---------+---------+-------
        D:1 |      35 |       0 |   0.0 |      18 |       0 |   0.0
        D:2 |      27 |      35 |  56.5 |       9 |       1 |  10.0
        D:3 |      37 |      73 |  66.4 |      18 |       2 |  10.0
        D:4 |     393 |      76 |  16.2 |      22 |       5 |  18.5
        D:5 |     634 |     171 |  21.2 |      19 |       1 |   5.0
        D:6 |     534 |     423 |  44.2 |       7 |       3 |  30.0
        D:7 |     657 |       0 |   0.0 |      13 |       0 |   0.0
        D:8 |    1155 |     120 |   9.4 |      23 |       7 |  23.3
        D:9 |    1628 |     907 |  35.8 |      13 |       5 |  27.8
       D:10 |    1978 |       0 |   0.0 |      17 |       0 |   0.0
     Lair:1 |    3208 |       0 |   0.0 |      17 |       0 |   0.0
     Lair:2 |    5294 |    2344 |  30.7 |      25 |       6 |  19.4
     Lair:3 |    2709 |    3454 |  56.0 |      12 |      12 |  50.0
     Lair:4 |    3914 |       0 |   0.0 |      18 |       0 |   0.0
     Lair:5 |    3026 |    3301 |  52.2 |      10 |       8 |  44.4
     Lair:6 |     385 |     841 |  68.6 |       1 |       1 |  50.0
    Ossuary |       0 |     154 | 100.0 |       0 |      16 | 100.0
            +---------+---------+-------+---------+---------+-------
